 Dungeon Crawl Stone Soup version 0.27.1-4-g1640c2035a (webtiles) character file.

Game seed: 118978866565191697

37 MisterFreud the Chopper (level 3, -2/46 HPs)
             Began as a Hill Orc Abyssal Knight on Nov 3, 2021.
             Was a Believer of Lugonu.
             Slain by Terence (5 damage)
             ... on level 2 of the Dungeon.
             The game lasted 00:01:35 (1363 turns).

MisterFreud the Chopper (Hill Orc Abyssal Knight)   Turns: 1363, Time: 00:01:35

Health: -2/46      AC: 21    Str: 15    XL:     3   Next: 39%
Magic:  4/4        EV:  2    Int: 12    God:    Lugonu [**....]
Gold:   67         SH:  0    Dex: 10    Spells: 2/2 levels left

rFire    . . .     SeeInvis .   a - +2 hand axe
rCold    . . .     Faith    .   (no shield)
rNeg     + + +     Spirit   .   (armour currently unavailable)
rPois    +         Reflect  .   (helmet currently unavailable)
rElec    .         Harm     .   (cloak currently unavailable)
rCorr    .         Rampage  .   (gloves currently unavailable)
Will     .....     NoTele   +   (boots currently unavailable)
Stlth    +.........             (no amulet)
HPRegen  0.15/turn              (no ring)
MPRegen  0.09/turn              (no ring)

@: tree-form
A: stationary, stasis, torment immunity, boosted hp
a: Renounce Religion, Depart the Abyss, Bend Space


You were on level 2 of the Dungeon.
You worshipped Lugonu.
Lugonu was pleased with you.
You were a tree.
You visited 1 branch of the dungeon, and saw 2 of its levels.
You visited the Abyss 1 time.

You collected 67 gold pieces.

Inventory:

Hand Weapons
 a - a +2 hand axe (weapon)
Missiles
 c - 20 poisoned darts
Armour
 b - a +1 leather armour (melded)
Potions
 e - a potion of lignification
 f - a potion of heal wounds {unknown}
 g - a potion of cancellation {unknown}


   Skills:
 - Level 3.6 Fighting
 + Level 5.0 Axes
 - Level 2.1 Armour
 - Level 0.7 Dodging
 - Level 2.4 Invocations


You had 2 spell levels left.
You didn't know any spells.
Your spell library contained the following spells:

 Spells                   Type           Power      Damage    Failure   Level
 Slow                     Hex            0%         N/A       45%         2
 Confusing Touch          Hex            0%         N/A       69%         3
 Yara's Violent Unravell  Hex/Tmut       0%         3d3       100%        5


Dungeon Overview and Level Annotations

Branches:
Dungeon (2/15)

Altars:

Annotations:
D:2 Terence


Message History

Terence is lightly wounded.
Terence hits you but does no damage.
You slash Terence!
Terence is heavily wounded.
Terence hits you but does no damage.
You hit Terence but do no damage.
Terence is heavily wounded.
Terence hits you but does no damage.
You barely miss Terence.
Terence is heavily wounded.
Terence hits you but does no damage.
You hit Terence but do no damage.
Terence is heavily wounded.
Terence hits you but does no damage.
You hit Terence.
Terence is heavily wounded.
Terence hits you with a +0 flail.
* * * LOW HITPOINT WARNING * * *
You hit Terence.
Terence is almost dead.
Terence hits you but does no damage.
You closely miss Terence.
Terence is almost dead.
Terence hits you with a +0 flail.
* * * LOW HITPOINT WARNING * * *
You hit Terence.
Terence is almost dead.
Terence hits you with a +0 flail.
* * * LOW HITPOINT WARNING * * *
You hit Terence but do no damage.
Terence is almost dead.
Terence hits you with a +0 flail.
* * * LOW HITPOINT WARNING * * *
You hit Terence but do no damage.
Terence is almost dead.
Terence hits you but does no damage.
You hit Terence but do no damage.
Terence is almost dead.
Terence hits you with a +0 flail.
You die...

###
################.#
.......†.....l..l#
################@#
#♣# #.# #.# ## #.#
.# #.# .# #.# .#
... .# ... .#


You could see Terence and a frilled lizard.

Vanquished Creatures
  4 bats
  5 endoplasms (D:1)
  3 goblins (D:1)
  2 hobgoblins (D:1)
  3 jackals (D:1)
  3 quokkas
  8 ball pythons (D:1)
  2 frilled lizards (D:1)
  A kobold (D:1)
  2 rats (D:1)
33 creatures vanquished.

Notes
Turn   | Place    | Note
-------+----------+-------------------------------------------
     0 | Abyss:1  | MisterFreud the Hill Orc Abyssal Knight began the quest for
                  | the Orb.
     0 | Abyss:1  | Reached XP level 1. HP: 19/19 MP: 2/2
     4 | Abyss:1  | Found a corrupted altar of Lugonu.
    15 | D:1      | Escaped the Abyss
   136 | D:1      | Reached skill level 3 in Axes
   207 | D:1      | Reached XP level 2. HP: 22/26 MP: 3/3
   296 | D:1      | Reached skill level 4 in Axes
   405 | D:1      | Reached ** piety under Lugonu
   673 | D:1      | Reached XP level 3. HP: 31/31 MP: 4/4
  1301 | D:2      | Noticed Terence
  1325 | D:2      | Reached skill level 5 in Axes
  1363 | D:2      | Slain by Terence

Illustrated notes

Levels and vault maps discovered:
D:1:      eino_arrival_cavern_b, layout_basic, dk_noncrumbling_3, st_stairs_13,
          chequers_arboretum
D:2:      layout_basic, minmay_pentomino_r4, uniq_sigmund, uniq_terence

Skill      XL: |  1  2  3 |
---------------+----------+-----
Axes           | 3 4 5 |  5.0
Fighting       | |  3.6
Armour         | |  2.1
Dodging        | |  0.7
Invocations    | |  2.4

Action                   || total
-------------------------++-------
Melee: Hand axe          ||   120
  Use: Scroll            ||     2
       Potion            ||     1
Armor: Leather armour    ||    45
       Skin              ||    16
Dodge: Dodged            ||    70
